[Event "Titled Tuesday Blitz April 12 Early 2022"]
[White "Hua, Lefong"]
[Black "Marcziter, Dmitrii"]
[WhiteFideId "2602253"]
[BlackFideId "13900765"]
[WhiteElo "2582"]
[BlackElo "2155"]
[Result "1-0"]
[Round "10"]
[TimeControl "180+1"]
[Date "2022.04.13"]
[WhiteClock "0:00:25"]
[BlackClock "0:00:35"]

1. d4 Nf6 2. c4 g6 3. Nc3 Bg7 4. e4 d6 5. f4 O-O 6. Nf3 Bg4 7. Be2 c5 8. d5 e6 9. O-O exd5 10. cxd5 Re8 11. h3 Bxf3 12. Bxf3 a6 13. Re1 Nbd7 14. Be3 b5 15. Bf2 b4 16. Na4 Nb6 17. Nxb6 Qxb6 18. Rc1 Nd7 19. b3 a5 20. Bg4 Nf6 21. e5 Nxg4 22. Qxg4 dxe5 23. Bxc5 Qf6 24. fxe5 Rxe5 25. Rxe5 Qxe5 26. Rd1 Rd8 27. Qf3 f5 28. Bb6 Rb8 29. Bf2 Bf8 30. Bg3 Bc5+ 31. Kh1 Qe8 32. Bxb8 Qxb8 33. d6 Kg7 34. d7 Be7 35. Qc6 Bd8 36. Qc5 Qg3 37. Qd4+ Kh6 38. Qd6 Qg5 39. Qd2 f4 40. Qe2 Qf5 41. Qf3 g5 42. Qg4 Qe5 43. Qf3 Kg7 44. Qd5 Qe2 45. Qd4+ Kg8 46. Qd2 Qe7 47. Re1 Qf6 48. Qd5+ Kg7 49. Qe5 Qxe5 50. Rxe5 Kf6 51. Re8 Bb6 52. d8=Q+ Bxd8 53. Rxd8 h5 54. Rd5 g4 55. hxg4 hxg4 56. Rxa5 f3 57. gxf3 gxf3 58. Kg1 f2+ 59. Kxf2 1-0


[Site "https://www.chess.com"]

[Event "Titled Tuesday Blitz April 12 Early 2022"]
[White "Ianov, Viktor"]
[Black "Ovezdurdyyeva, Jemal"]
[WhiteFideId "14102730"]
[BlackFideId "14001888"]
[WhiteElo "2161"]
[BlackElo "1946"]
[Result "0-1"]
[Round "10"]
[TimeControl "180+1"]
[Date "2022.04.13"]
[WhiteClock "0:00:01"]
[BlackClock "0:00:10"]

1. Nf3 Nf6 2. g3 g6 3. b3 Bg7 4. Bb2 d5 5. c4 Be6 6. Ng5 Bf5 7. Bg2 h6 8. Nf3 O-O 9. cxd5 Qxd5 10. d3 Qa5+ 11. Bc3 Qc5 12. O-O Nc6 13. Bb2 Rad8 14. Nbd2 e5 15. Qc1 Qe7 16. Ba3 Nb4 17. Qc4 a5 18. Bb2 e4 19. dxe4 Nxe4 20. Bxg7 Kxg7 21. Nxe4 Bxe4 22. a3 Nc6 23. Qc3+ Kh7 24. Rfc1 Bd5 25. e3 Rd7 26. h4 Rfd8 27. h5 Be4 28. hxg6+ fxg6 29. Nh4 Rf8 30. Rd1 Bxg2 31. Kxg2 Qe4+ 32. Kg1 Rdf7 33. Ra2 g5 34. Ng2 Ne5 35. Ne1 Qg4 36. Rd4 Qf5 37. Qc2 Ng4 38. Qxf5+ Rxf5 39. Nd3 h5 0-1


[Site "https://www.chess.com"]

[Event "Titled Tuesday Blitz April 12 Early 2022"]
[White "Iljin, Timofey"]
[Black "Tregubov, Pavel V."]
[WhiteFideId "14110180"]
[BlackFideId "4115341"]
[WhiteElo "2396"]
[BlackElo "2341"]
[Result "1-0"]
[Round "10"]
[TimeControl "180+1"]
[Date "2022.04.13"]
[WhiteClock "0:02:54"]
[BlackClock "0:01:07"]

1. d4 Nf6 2. c4 e6 3. Nc3 Bb4 4. e3 O-O 5. a3 Bxc3+ 6. bxc3 c5 7. Bd3 Nc6 8. Ne2 b6 9. O-O Ba6 10. e4 Ne8 11. f4 Na5 12. f5 Bxc4 13. f6 Nxf6 14. Bg5 d6 15. Ng3 Bxd3 16. Qxd3 Rc8 17. Nh5 Nxh5 18. Bxd8 Rfxd8 19. Qf3 1-0


[Site "https://www.chess.com"]

[Event "Titled Tuesday Blitz April 12 Early 2022"]
[White "Indjic, Aleksandar"]
[Black "Atakhan, Abtin"]
[WhiteFideId "911925"]
[BlackFideId "22502203"]
[WhiteElo "2616"]
[BlackElo "2094"]
[Result "1-0"]
[Round "10"]
[TimeControl "180+1"]
[Date "2022.04.12"]
[WhiteClock "0:00:45"]
[BlackClock "0:00:02"]

1. e4 c5 2. c3 Nf6 3. e5 Nd5 4. Nf3 Nc6 5. Bc4 Nb6 6. Bb3 c4 7. Bc2 d6 8. exd6 e5 9. O-O Be6 10. Re1 Bxd6 11. a4 f6 12. a5 Nd5 13. d3 cxd3 14. Qxd3 Qd7 15. a6 b6 16. Ba4 O-O 17. Nbd2 Qc7 18. Ne4 Be7 19. Ng3 Rad8 20. Bc2 f5 21. Qe2 e4 22. Ng5 Bxg5 23. Bxg5 Rde8 24. Rad1 Kh8 25. Bc1 Ne5 26. Nxe4 fxe4 27. Bxe4 Nf6 28. Bf4 Qc5 29. Bxe5 Qxe5 30. Bc6 Qxe2 31. Rxe2 Re7 32. Rde1 Bd7 33. Rxe7 Bxc6 34. Rxa7 Nd7 35. f3 Nc5 36. Rc7 Ba8 37. a7 h6 38. Rce7 Kh7 39. Re8 Rxe8 40. Rxe8 1-0


[Site "https://www.chess.com"]

[Event "Titled Tuesday Blitz April 12 Early 2022"]
[White "Itkis, Boris"]
[Black "Politov, Pavel Y."]
[WhiteFideId "1209167"]
[BlackFideId "24110515"]
[WhiteElo "2207"]
[BlackElo "2090"]
[Result "1-0"]
[Round "10"]
[TimeControl "180+1"]
[Date "2022.04.13"]
[WhiteClock "0:01:14"]
[BlackClock "0:00:12"]

1. c4 e5 2. Nc3 Nf6 3. Nf3 Nc6 4. e4 Bb4 5. d3 Bxc3+ 6. bxc3 d6 7. g3 O-O 8. Bg2 b6 9. O-O Qe7 10. Nh4 g6 11. f4 exf4 12. Bxf4 Bg4 13. Qe1 Qe8 14. Bh6 Nd7 15. Bxf8 Qxf8 16. d4 Na5 17. h3 g5 18. Nf5 Bxf5 19. Rxf5 f6 20. e5 Re8 21. e6 Re7 22. exd7 Rxe1+ 23. Rxe1 1-0


[Site "https://www.chess.com"]

[Event "Titled Tuesday Blitz April 12 Early 2022"]
[White "Jumabayev, Rinat"]
[Black "Moroni, Luca Jr"]
[WhiteFideId "13702661"]
[BlackFideId "865834"]
[WhiteElo "2561"]
[BlackElo "2573"]
[Result "0-1"]
[Round "10"]
[TimeControl "180+1"]
[Date "2022.04.12"]
[WhiteClock "0:00:02"]
[BlackClock "0:00:26"]

1. d4 d6 2. e4 e5 3. Nf3 exd4 4. Nxd4 Nf6 5. Nc3 Be7 6. Bf4 O-O 7. Be2 Re8 8. Qd2 Nc6 9. O-O-O Nxd4 10. Qxd4 Be6 11. g4 Nxg4 12. Bxg4 Bxg4 13. Nd5 Bxd1 14. Rg1 Bf8 15. Bh6 Re5 16. f4 Qh4 17. Bxg7 Bxg7 18. fxe5 Bh5 19. Nf6+ Kh8 20. Nxh5 Qxh5 21. Rxg7 Qh6+ 0-1


[Site "https://www.chess.com"]

[Event "Titled Tuesday Blitz April 12 Early 2022"]
[White "Kadam, Om Manish"]
[Black "Palachev, Petr"]
[WhiteFideId "45076294"]
[BlackFideId "24129003"]
[WhiteElo "1729"]
[BlackElo "2339"]
[Result "0-1"]
[Round "10"]
[TimeControl "180+1"]
[Date "2022.04.13"]
[WhiteClock "0:00:05"]
[BlackClock "0:00:04"]

1. e4 c5 2. Nf3 d6 3. d4 cxd4 4. Nxd4 Nf6 5. Nc3 Nc6 6. g3 e5 7. Nde2 h5 8. h3 Be7 9. Bg2 Be6 10. Nd5 Rc8 11. c4 h4 12. g4 Nd7 13. O-O Bg5 14. f4 exf4 15. Bxf4 Bxf4 16. Nexf4 O-O 17. Kh1 Nce5 18. b3 a6 19. Nxe6 fxe6 20. Nf4 Qe7 21. Qd2 g5 22. Nxe6 Qxe6 23. Qxg5+ Qg6 24. Qxh4 Rce8 25. Rf5 Rxf5 26. exf5 Qg7 27. Bd5+ Kf8 28. g5 Nf3 29. f6 Nxh4 30. fxg7+ Kxg7 31. Bxb7 Nc5 32. Bd5 Kg6 33. b4 Nd3 34. b5 axb5 35. cxb5 Nb4 36. Bc4 d5 37. Bf1 Nc2 38. Rc1 Ne3 39. Bd3+ Kxg5 40. b6 Rb8 41. Rb1 Kf4 42. a4 Kg3 43. a5 Nf3 44. Be2 Nd4 45. a6 Nxe2 46. Rb3 d4 47. b7 Kf2 48. a7 Ng3+ 49. Kh2 Nef1# 0-1


[Site "https://www.chess.com"]

[Event "Titled Tuesday Blitz April 12 Early 2022"]
[White "Kakulidis, Ellen"]
[Black "Mohammadian, Mohammad"]
[WhiteFideId "1444972"]
[BlackFideId "12566055"]
[WhiteElo "1852"]
[BlackElo "1544"]
[Result "1-0"]
[Round "10"]
[TimeControl "180+1"]
[Date "2022.04.13"]
[WhiteClock "0:00:48"]
[BlackClock "0:01:53"]

1. d4 Nf6 2. g3 d5 3. Bg2 c6 4. Nf3 Bf5 5. O-O Nbd7 6. Nbd2 g6 7. c4 Bg7 8. b3 O-O 9. Bb2 Re8 10. Nh4 Be6 11. f4 Nf8 12. f5 Bd7 13. e4 dxe4 14. Nxe4 Nxe4 15. Bxe4 e5 16. d5 cxd5 17. Bxd5 Bc6 18. fxg6 hxg6 19. Bxf7+ Kh8 20. Nxg6+ Nxg6 21. Qh5+ Bh6 22. Qxh6# 1-0


[Site "https://www.chess.com"]

[Event "Titled Tuesday Blitz April 12 Early 2022"]
[White "Kalavannan, Koby"]
[Black "Avalos Parra, Joao"]
[WhiteFideId "425753"]
[BlackFideId "3402541"]
[WhiteElo "1927"]
[BlackElo "2173"]
[Result "1-0"]
[Round "10"]
[TimeControl "180+1"]
[Date "2022.04.13"]
[WhiteClock "0:01:33"]
[BlackClock "0:02:08"]

1. d4 d5 2. c4 c6 3. Nf3 Nf6 4. Qb3 dxc4 5. Qxc4 g6 6. Nc3 Bg7 7. e4 O-O 8. e5 Nd5 9. h4 h5 10. Bd3 Be6 11. Qa4 b5 12. Qd1 b4 13. Ne4 Nd7 14. Nfg5 Bf5 15. Ng3 Bxd3 16. Qxd3 c5 17. Nxh5 cxd4 18. Nxg7 Kxg7 19. Qxd4 N7b6 20. h5 Rh8 21. e6+ f6 22. Nf7 Qc8 23. Qg4 g5 24. Qf5 1-0


[Site "https://www.chess.com"]

[Event "Titled Tuesday Blitz April 12 Early 2022"]
[White "Kavyev, Ruslan"]
[Black "Shtyka, Sergey"]
[WhiteFideId "34110981"]
[BlackFideId "4138465"]
[WhiteElo "2182"]
[BlackElo "2014"]
[Result "1-0"]
[Round "10"]
[TimeControl "180+1"]
[Date "2022.04.13"]
[WhiteClock "0:02:25"]
[BlackClock "0:02:02"]

1. d4 c5 2. e4 cxd4 3. Nf3 Nc6 4. Nxd4 g6 5. Nc3 Bg7 6. Be3 Nf6 7. Bc4 O-O 8. Bb3 Na5 9. e5 Ne8 10. Bxf7+ Kxf7 11. Ne6 Kxe6 12. Qd5+ Kf5 13. g4+ Kxg4 14. Rg1+ Kh5 15. Qd1+ 1-0


[Site "https://www.chess.com"]

[Event "Titled Tuesday Blitz April 12 Early 2022"]
[White "Khamdamova, Afruza"]
[Black "Barria Zuniga, Daniel"]
[WhiteFideId "14210444"]
[BlackFideId "3400816"]
[WhiteElo "1660"]
[BlackElo "2414"]
[Result "1/2-1/2"]
[Round "10"]
[TimeControl "180+1"]
[Date "2022.04.13"]
[WhiteClock "0:00:04"]
[BlackClock "0:00:02"]

1. e4 c5 2. Nf3 e6 3. d4 cxd4 4. Nxd4 a6 5. Nc3 b5 6. Bd3 Bb7 7. O-O Nc6 8. Be3 Nge7 9. f4 Nxd4 10. Bxd4 Nc6 11. Be3 Be7 12. Qg4 O-O 13. Rad1 Rc8 14. Ne2 Nb4 15. Bd4 Bf6 16. e5 Be7 17. c3 Nxd3 18. Rxd3 f5 19. Qh3 g6 20. Rfd1 Rf7 21. Be3 Bc5 22. Bxc5 Rxc5 23. Nd4 Bd5 24. b3 Qc7 25. Nc2 a5 26. Nd4 Rg7 27. Qe3 h6 28. b4 axb4 29. cxb4 Rc4 30. Nxb5 Qc6 31. Nd4 Qa4 32. a3 Kh7 33. Rc1 Rxc1+ 34. Qxc1 Qa8 35. g3 g5 36. Rc3 gxf4 37. Qxf4 Rg4 38. Qf2 Qb8 39. Re3 Rxd4 40. Re1 Re4 41. Rxe4 Bxe4 42. Qc5 Qe8 43. a4 Kg8 44. b5 Qb8 45. b6 Qb7 46. a5 Bh1 47. Qc2 Bc6 48. Qc5 Bh1 49. Qc2 Bc6 50. Qc5 Bh1 1/2-1/2


[Site "https://www.chess.com"]

[Event "Titled Tuesday Blitz April 12 Early 2022"]
[White "Kobalia, Mikhail"]
[Black "Madaminov, Mukhiddin"]
[WhiteFideId "4119150"]
[BlackFideId "14210703"]
[WhiteElo "2667"]
[BlackElo "1916"]
[Result "1-0"]
[Round "10"]
[TimeControl "180+1"]
[Date "2022.04.12"]
[WhiteClock "0:01:19"]
[BlackClock "0:00:06"]

1. e4 e6 2. d3 d5 3. Nd2 Nf6 4. Ngf3 Nc6 5. c3 e5 6. Be2 g6 7. O-O Bg7 8. b4 a6 9. a4 O-O 10. Bb2 Qe7 11. b5 Na7 12. Ba3 Qe6 13. Bxf8 Bxf8 14. Qb3 a5 15. Rfe1 Bd7 16. d4 exd4 17. Nxd4 Qd6 18. Bf3 Qf4 19. e5 Ng4 20. Bxg4 Bxg4 21. Nf1 Bc5 22. Qxd5 Bb6 23. g3 Qg5 24. h4 Qe7 25. e6 f6 26. Ne3 Rd8 27. Qxb7 Bh5 28. Nd5 Qd6 29. Nxf6+ Kg7 30. e7 Kxf6 31. exd8=Q+ Qxd8 32. Qe4 Kf7 33. g4 Qxh4 34. gxh5 Qg5+ 35. Kf1 Qxh5 36. Qe8+ Kg7 37. Re7+ Kh6 38. Qf8+ Kg5 39. Re5+ Kg4 40. Rxh5 Kxh5 41. Qf7 Bxd4 42. cxd4 Nc8 43. Qxh7+ Kg5 44. Qxc7 Nd6 45. Qxd6 Kf5 46. Qe5+ Kg4 47. Ke2 Kh3 48. Rh1+ Kg2 1-0


[Site "https://www.chess.com"]

[Event "Titled Tuesday Blitz April 12 Early 2022"]
[White "Kosteniuk, Alexandra"]
[Black "Shipov, Sergei"]
[WhiteFideId "4128125"]
[BlackFideId "4113624"]
[WhiteElo "2469"]
[BlackElo "2794"]
[Result "1/2-1/2"]
[Round "10"]
[TimeControl "180+1"]
[Date "2022.04.12"]
[WhiteClock "0:00:12"]
[BlackClock "0:00:18"]

1. e4 e6 2. d4 d5 3. e5 Bd7 4. Nf3 a6 5. c4 dxc4 6. Bxc4 Bb5 7. b3 Bb4+ 8. Bd2 Nc6 9. O-O Nge7 10. a4 Bxc4 11. bxc4 Bxd2 12. Qxd2 a5 13. Nc3 Nb4 14. Ne4 O-O 15. Rfd1 b6 16. h4 Nf5 17. h5 h6 18. d5 Nh4 19. Nh2 Nf5 20. Ng4 Kh8 21. g3 Qe7 22. Qf4 Rad8 23. d6 Qd7 24. Rd2 Qc6 25. Rc1 cxd6 26. exd6 f6 27. c5 Nd5 28. Qf3 bxc5 29. Rxc5 Qxa4 30. Rcxd5 exd5 31. Rxd5 Nd4 32. Qe3 Qd1+ 33. Kg2 Qxg4 34. Qxd4 f5 35. Nc5 Qxd4 36. Rxd4 Rf6 37. d7 Rf7 38. Kf3 Kg8 39. Kf4 Re7 40. Kxf5 Kf7 41. f4 a4 42. Rxa4 Rexd7 43. Nxd7 Rxd7 44. Ra5 Rc7 45. g4 Kg8 46. g5 hxg5 47. fxg5 Kh7 48. Re5 Rf7+ 49. Kg4 Ra7 50. Re8 Ra4+ 51. Kf5 Ra5+ 52. Re5 Ra7 53. Rd5 Rb7 54. Ke6 Rb6+ 55. Rd6 Rb5 56. Rd5 Rb6+ 57. Kf7 Rb7+ 58. Ke8 Rb8+ 59. Ke7 Rb7+ 60. Ke6 Rb6+ 1/2-1/2


[Site "https://www.chess.com"]

[Event "Titled Tuesday Blitz April 12 Early 2022"]
[White "Kostiukov, Alexandr"]
[Black "Janaszak, Dawid"]
[WhiteFideId "14108100"]
[BlackFideId "1119206"]
[WhiteElo "2202"]
[BlackElo "2199"]
[Result "1-0"]
[Round "10"]
[TimeControl "180+1"]
[Date "2022.04.13"]
[WhiteClock "0:00:19"]
[BlackClock "0:00:08"]

1. g3 h5 2. Nf3 Nc6 3. Bg2 e5 4. e4 Bc5 5. O-O d6 6. h3 Be6 7. c3 Bb6 8. d4 Bc4 9. Re1 Ba6 10. Be3 Nf6 11. Nbd2 Qe7 12. d5 Nb8 13. c4 Bxe3 14. Rxe3 Nbd7 15. b4 b6 16. a4 O-O 17. a5 b5 18. Bf1 bxc4 19. Bxc4 Bxc4 20. Nxc4 Rab8 21. Rb1 g6 22. Nfd2 Nh7 23. Rc3 h4 24. g4 Ng5 25. Kg2 Nf6 26. f3 Ne8 27. Ne3 Kg7 28. Qa4 Kh7 29. Rbc1 Rb7 30. b5 Qf6 31. Qc4 Qf4 32. Nef1 Ng7 33. Qc6 Rfb8 34. Rb3 f5 35. exf5 gxf5 36. Rc4 e4 37. gxf5 Nxf5 38. Nxe4 Nxe4 39. Rxe4 Rg8+ 40. Kf2 Qg5 41. Rg4 Qf6 42. Qxb7 Rxg4 43. hxg4 Qd4+ 44. Kg2 h3+ 45. Kxh3 Qd1 46. Qxc7+ Ng7 47. Qc4 Qe1 48. Qe4+ 1-0


[Site "https://www.chess.com"]

[Event "Titled Tuesday Blitz April 12 Early 2022"]
[White "Kouskoutis, Georgios-Alexandros"]
[Black "Korchmar, Vasiliy"]
[WhiteFideId "4234049"]
[BlackFideId "24131750"]
[WhiteElo "2130"]
[BlackElo "2370"]
[Result "0-1"]
[Round "10"]
[TimeControl "180+1"]
[Date "2022.04.12"]
[WhiteClock "0:00:02"]
[BlackClock "0:00:28"]

1. c4 c6 2. g3 d5 3. Bg2 g6 4. cxd5 cxd5 5. Nf3 Bg7 6. d4 Nf6 7. O-O O-O 8. Nc3 Ne4 9. e3 Nxc3 10. bxc3 Nc6 11. Nd2 Na5 12. a4 b6 13. c4 Bb7 14. Ba3 Re8 15. Bb4 dxc4 16. Bxa5 Bxg2 17. Kxg2 bxa5 18. Qf3 Rc8 19. Rac1 c3 20. Ne4 e5 21. Nxc3 exd4 22. exd4 Qxd4 23. Nb5 Qb6 24. Rxc8 Rxc8 25. Rd1 a6 26. Rd6 Qc5 27. Rxa6 Qb4 28. Ra8 Rxa8 29. Qxa8+ Bf8 30. Nc7 Qxa4 31. Nd5 Qa3 32. Qb7 Qd6 33. Qa8 a4 34. Nf4 a3 35. h4 h5 0-1


[Site "https://www.chess.com"]

[Event "Titled Tuesday Blitz April 12 Early 2022"]
[White "Kucuksari, Kaan"]
[Black "Tanenbaum, Zachary"]
[WhiteFideId "6380166"]
[BlackFideId "2060850"]
[WhiteElo "2305"]
[BlackElo "2168"]
[Result "1-0"]
[Round "10"]
[TimeControl "180+1"]
[Date "2022.04.12"]
[WhiteClock "0:00:16"]
[BlackClock "0:00:12"]

1. d4 d5 2. c4 dxc4 3. Nf3 a6 4. e4 b5 5. a4 Bb7 6. axb5 axb5 7. Rxa8 Bxa8 8. Nc3 e6 9. Nxb5 Bxe4 10. Nc3 Bd5 11. Ne5 Bd6 12. Qa4+ Nd7 13. Nxc4 Ne7 14. Nxd6+ cxd6 15. Bb5 Qc8 16. O-O Bc6 17. Bg5 f6 18. Bf4 e5 19. d5 Bxb5 20. Nxb5 Qb8 21. Be3 O-O 22. Ba7 Qa8 23. Nc7 Qc8 24. Ne6 Rf7 25. Rd1 Nf8 26. b4 Nxe6 27. dxe6 Qxe6 28. b5 Nd5 29. b6 Nc3 30. Qc2 Nxd1 31. Qxd1 d5 32. Qa4 Qd7 33. Qb3 d4 34. Qd3 h6 35. h3 e4 36. Qxe4 d3 37. Qe1 d2 38. Qd1 Re7 39. Kh2 Re1 40. Qb3+ Kh8 41. b7 Qd6+ 42. g3 Rh1+ 43. Kxh1 d1=Q+ 44. Qxd1 Qxd1+ 45. Kh2 Kh7 46. b8=Q Qf3 47. Qb1+ Kg8 48. Be3 Kf7 49. Qa2+ Kg6 50. Qd2 Kh7 51. Qd3+ Kg8 52. Qd4 Kh7 53. h4 Kg8 54. Qf4 Qd1 55. Qb8+ Kh7 56. Qb4 Kg8 57. Qe4 Kh8 58. Kg2 Kg8 59. Qf3 Qc2 60. Qd5+ Kh7 61. h5 Kh8 62. Qd4 Kh7 63. Qf4 Kh8 64. Qg4 Kg8 65. Bxh6 Qc6+ 66. Kh2 Qc7 67. Qxg7+ Qxg7 68. Bxg7 Kxg7 69. g4 Kh6 70. Kg3 Kg5 71. f4+ Kh6 72. Kh4 Kg7 73. g5 Kf7 74. Kg4 Ke6 75. g6 f5+ 76. Kg5 Ke7 77. Kxf5 Kf8 78. Kg5 Kg8 79. h6 1-0


[Site "https://www.chess.com"]

[Event "Titled Tuesday Blitz April 12 Early 2022"]
[White "Lach, Aleksandra"]
[Black "Potapova, Margarita"]
[WhiteFideId "1134299"]
[BlackFideId "14126869"]
[WhiteElo "2172"]
[BlackElo "2216"]
[Result "0-1"]
[Round "10"]
[TimeControl "180+1"]
[Date "2022.04.13"]
[WhiteClock "0:00:04"]
[BlackClock "0:00:33"]

1. e4 c5 2. Nc3 d6 3. d4 cxd4 4. Qxd4 Nc6 5. Qd2 g6 6. b3 Bh6 7. f4 Nf6 8. Bb2 O-O 9. O-O-O a5 10. a4 Nb4 11. Kb1 Qb6 12. Nf3 Bg4 13. Be2 Rac8 14. h3 Nxe4 15. Nxe4 Rxc2 16. Qd4 Rxb2+ 17. Qxb2 Bf5 18. Nd2 Bg7 19. Qa3 Qd4 20. Rhe1 Rc8 21. Bc4 d5 22. g4 dxc4 23. bxc4 Be6 24. Re3 Nc2 25. Kxc2 Bxc4 26. Nxc4 Qxc4+ 27. Rc3 Qxe4+ 28. Kd2 Bxc3+ 0-1


[Site "https://www.chess.com"]

[Event "Titled Tuesday Blitz April 12 Early 2022"]
[White "Lagumina, Giulio"]
[Black "Broca Jimenez, Fernando"]
[WhiteFideId "800619"]
[BlackFideId "5104742"]
[WhiteElo "2277"]
[BlackElo "2062"]
[Result "0-1"]
[Round "10"]
[TimeControl "180+1"]
[Date "2022.04.13"]
[WhiteClock "0:00:01"]
[BlackClock "0:00:08"]

1. e4 c5 2. Nf3 g6 3. c4 Nc6 4. d4 cxd4 5. Nxd4 Nf6 6. Nc3 d6 7. Be2 Nxd4 8. Qxd4 Bg7 9. Be3 O-O 10. Qd2 Be6 11. Rc1 Rc8 12. b3 Qa5 13. f3 a6 14. Na4 Qxd2+ 15. Kxd2 Nd7 16. g4 Rfd8 17. h4 Kf8 18. h5 Kg8 19. Nc3 Nc5 20. Rh2 f6 21. hxg6 hxg6 22. Nd5 Bxd5 23. cxd5 Nd7 24. Rhh1 Ne5 25. f4 Nd7 26. Rxc8 Rxc8 27. Rc1 Rxc1 28. Kxc1 Kf7 29. f5 g5 30. Kd2 Ne5 31. Kc3 Ke8 32. Kb4 Kd7 33. Ka5 Kc7 34. b4 Nd7 35. a4 Bf8 36. b5 axb5 37. Bxb5 b6+ 38. Ka6 Nc5+ 39. Bxc5 dxc5 40. Bc4 Bg7 41. Kb5 Bf8 42. a5 bxa5 43. Kxa5 Bg7 44. Kb5 Bf8 45. Bd3 Kd6 46. Kb6 Bg7 47. Bc4 Bf8 48. Bd3 Ke5 49. Kxc5 e6+ 50. Kc6 exf5 51. exf5 Bd6 0-1


[Site "https://www.chess.com"]

[Event "Titled Tuesday Blitz April 12 Early 2022"]
[White "Larrea, Manuel"]
[Black "Stelmaszyk, Nico"]
[WhiteFideId "3000508"]
[BlackFideId "16200462"]
[WhiteElo "2233"]
[BlackElo "2119"]
[Result "1-0"]
[Round "10"]
[TimeControl "180+1"]
[Date "2022.04.13"]
[WhiteClock "0:00:23"]
[BlackClock "0:01:16"]

1. e4 e5 2. Nf3 Nf6 3. Nxe5 Nxe4 4. d4 d5 5. Bd3 Nd7 6. Nxd7 Bxd7 7. O-O Bd6 8. c4 c6 9. Nc3 Nxc3 10. bxc3 O-O 11. Re1 Qh4 12. g3 Qh3 13. Bf1 Qg4 14. Qxg4 Bxg4 15. cxd5 cxd5 16. Bg2 Be6 17. Rb1 b6 18. Rb5 Rad8 19. a4 Bc7 20. Ba3 Rfe8 21. a5 bxa5 22. Bc5 Rb8 23. Rxb8 Rxb8 24. Bxa7 Ra8 25. Bc5 h6 26. c4 Rd8 27. cxd5 Bxd5 28. Bxd5 Rxd5 29. Re8+ Kh7 30. Rc8 Bd8 31. Kg2 Bf6 32. Ra8 h5 33. Kf3 g6 34. Ke4 Rf5 35. f4 Bg7 36. Rxa5 Rf6 37. Ra7 Kg8 38. Ra8+ Kh7 39. Ra7 Kg8 40. Rd7 Re6+ 41. Kf3 Re7 42. Rxe7 1-0


[Site "https://www.chess.com"]

[Event "Titled Tuesday Blitz April 12 Early 2022"]
[White "Lauridsen, Jesper Morch"]
[Black "Mickiewicz, Piotr"]
[WhiteFideId "1401890"]
[BlackFideId "1114891"]
[WhiteElo "2316"]
[BlackElo "2266"]
[Result "0-1"]
[Round "10"]
[TimeControl "180+1"]
[Date "2022.04.13"]
[WhiteClock "0:00:12"]
[BlackClock "0:01:49"]

1. e4 c5 2. Nf3 e6 3. d4 cxd4 4. Nxd4 Nf6 5. Nc3 d6 6. Be2 a6 7. O-O Qc7 8. f4 Be7 9. g4 b5 10. g5 Nfd7 11. Bg4 b4 12. Nd5 exd5 13. Nf5 Nc5 14. Nxe7 Kxe7 15. exd5 Bxg4 16. Qxg4 Re8 17. Re1+ Kf8 18. Rxe8+ Kxe8 19. f5 Nbd7 20. Bf4 Kf8 21. Re1 Re8 22. Rxe8+ Kxe8 23. f6 g6 24. Qh4 Ne4 25. Be3 Qxc2 26. Qe1 Ne5 27. Qxb4 Qd1+ 28. Kg2 Qf3+ 0-1


[Site "https://www.chess.com"]

[Event "Titled Tuesday Blitz April 12 Early 2022"]
[White "Lazavik, Denis"]
[Black "Svane, Frederik"]
[WhiteFideId "13515110"]
[BlackFideId "12923044"]
[WhiteElo "2437"]
[BlackElo "2459"]
[Result "1-0"]
[Round "10"]
[TimeControl "180+1"]
[Date "2022.04.12"]
[WhiteClock "0:00:20"]
[BlackClock "0:00:17"]

1. d4 Nf6 2. c4 e6 3. Nf3 d5 4. g3 Bb4+ 5. Bd2 Be7 6. Bg2 O-O 7. O-O c6 8. Bf4 dxc4 9. Ne5 Nd5 10. Nxc4 Nxf4 11. gxf4 Nd7 12. e3 Nb6 13. Ne5 f6 14. Nd3 Bd7 15. Nd2 Be8 16. Rc1 Kh8 17. Kh1 Nd5 18. Ne4 b6 19. a3 a5 20. Rg1 Rc8 21. Bf3 Bg6 22. Qe2 Qd7 23. Rg3 c5 24. dxc5 bxc5 25. Ndxc5 Qa7 26. Nd3 Rxc1+ 27. Nxc1 Rc8 28. Nb3 Qb6 29. Ned2 a4 30. Bxd5 exd5 31. Nd4 Qxb2 32. Kg2 Bxa3 33. Qg4 Rg8 34. Qxg6 Qxd2 35. f5 Qd3 36. Qxh7+ 1-0


[Site "https://www.chess.com"]

[Event "Titled Tuesday Blitz April 12 Early 2022"]
[White "Le, Tuan Minh"]
[Black "Matlakov, Maxim"]
[WhiteFideId "12401153"]
[BlackFideId "4168003"]
[WhiteElo "2450"]
[BlackElo "2669"]
[Result "1-0"]
[Round "10"]
[TimeControl "180+1"]
[Date "2022.04.12"]
[WhiteClock "0:00:18"]
[BlackClock "0:00:12"]

1. d4 Nf6 2. Nf3 d5 3. Bf4 e6 4. e3 Bd6 5. Bg3 O-O 6. c4 c5 7. Nc3 cxd4 8. Nxd4 Bxg3 9. hxg3 h6 10. Rc1 a6 11. cxd5 Nxd5 12. Be2 Nxc3 13. Rxc3 e5 14. Nb3 Qe7 15. O-O Nc6 16. Nc5 Rd8 17. Qb3 Rb8 18. Bf3 Bf5 19. Qa3 Na7 20. Rcc1 Nb5 21. Qb4 Nd6 22. g4 Bg6 23. Rfd1 a5 24. Qb6 e4 25. Be2 Qe5 26. Na4 Kh7 27. Rc5 Qf6 28. Rcd5 Rbc8 29. Rxd6 Rxd6 30. Qxd6 Qg5 31. Nc3 a4 32. a3 Rc6 33. Qf4 Qc5 34. Rd4 Rb6 35. Nxa4 Qc1+ 36. Rd1 Qc2 37. Nxb6 Qxe2 38. Rf1 Qxb2 39. Nd7 Qa2 40. Nf8+ 1-0


[Site "https://www.chess.com"]

[Event "Titled Tuesday Blitz April 12 Early 2022"]
[White "Ljukin, Sergei"]
[Black "Rustemov, Alexander"]
[WhiteFideId "14102200"]
[BlackFideId "4119002"]
[WhiteElo "2312"]
[BlackElo "2796"]
[Result "0-1"]
[Round "10"]
[TimeControl "180+1"]
[Date "2022.04.13"]
[WhiteClock "0:00:01"]
[BlackClock "0:01:02"]

1. e4 e6 2. d4 d5 3. Nc3 Bb4 4. e5 c5 5. a3 Bxc3+ 6. bxc3 Ne7 7. h4 Qc7 8. h5 cxd4 9. cxd4 Qc3+ 10. Bd2 Qxd4 11. Nf3 Qe4+ 12. Be3 Nf5 13. Qd2 Nc6 14. Bd3 Qg4 15. Bxf5 Qxf5 16. h6 gxh6 17. Bf4 h5 18. g3 Bd7 19. Qd3 Qg6 20. Bg5 Qe4+ 21. Kf1 Rg8 22. Bf6 Rc8 23. Qxe4 dxe4 24. Ng5 Nd4 25. Nxe4 Bb5+ 26. Kg1 Rxc2 27. Nd6+ Kd7 0-1


[Site "https://www.chess.com"]

[Event "Titled Tuesday Blitz April 12 Early 2022"]
[White "Lopez, Henry"]
[Black "Martic, Ivan"]
[WhiteFideId "5203830"]
[BlackFideId "929301"]
[WhiteElo "2177"]
[BlackElo "2317"]
[Result "1-0"]
[Round "10"]
[TimeControl "180+1"]
[Date "2022.04.13"]
[WhiteClock "0:00:29"]
[BlackClock "0:00:23"]

1. d4 Nf6 2. Nf3 g6 3. c4 Bg7 4. Nc3 O-O 5. e4 d6 6. Be2 e5 7. O-O c6 8. d5 Na6 9. Be3 Ng4 10. Bg5 f6 11. Bh4 c5 12. Nd2 Nh6 13. f3 Nf7 14. a3 Bh6 15. Bf2 Bd7 16. Rb1 b6 17. b4 f5 18. Bd3 Bf4 19. Re1 Kg7 20. Nf1 h5 21. exf5 gxf5 22. Ng3 Qg5 23. h4 Qg6 24. Nce2 Bh6 25. Qc2 Nh8 26. Kh2 Rae8 27. b5 Nc7 28. a4 Re7 29. a5 Ref7 30. Ra1 Bf4 31. Nxf4 exf4 32. Ne2 Kh6 33. Nxf4 Qf6 34. Qd2 Kh7 35. axb6 axb6 36. Ra7 Rc8 37. Nxh5 Qh6 38. Qxh6+ Kxh6 39. Nf4 Ng6 40. Be3 Ne5 41. Bf1 Kg7 42. Bd2 Ne8 43. Bc3 Nf6 44. Bxe5 dxe5 45. Rxe5 Rh8 46. g3 Ne8 47. Rb7 Rh6 48. Rxd7 Rxd7 49. Rxe8 Ra7 50. Bd3 Ra2+ 51. Kh3 Kf6 52. Re6+ Kg7 53. Re7+ Kf6 54. d6 Rh8 55. Nd5+ 1-0


[Site "https://www.chess.com"]